 Dungeon Crawl Stone Soup version 0.14-a0-1169-g4815781 (webtiles) character file.

13353 4tharraofdagon the Cleaver (level 11, -15/93 HPs)
             Began as a Centaur Fighter on Nov 29, 2013.
             Was a Priest of the Shining One.
             Killed by a distortion unwield (33 damage)
             ... on Level 4 of the Orcish Mines.
             The game lasted 00:49:33 (7340 turns).

4tharraofdagon the Cleaver (Centaur Fighter)        Turns: 7340, Time: 00:49:34

HP -15/93        AC 20     Str 22      XL: 11   Next: 56%
MP  16/16        EV  7     Int  7      God: the Shining One [***...]
Gold 1384        SH  0     Dex  9      Spells:  2 memorised, 12 levels left

rFire  . . .     SeeInvis +     (no weapon)
rCold  . . .     Clarity  .     G - +9 scale mail "Shrolone" {rElec rN+ SInv}
rNeg   + + .     Conserve .     (no shield)
rPois  .         rCorr    +     (no helmet)
rElec  +         rRot     .     j - +1 orc cloak
SustAb + .       Spirit   .     J - +0 pair of gloves
rMut   .         Warding  .     (no barding)
Saprov . . .     Stasis   .     o - amulet of resist corrosion
                                N - ring of sustain abilities {unknown}
                                (no ring)

@: slightly contaminated, glowing, very quick, somewhat resistant to hostile
enchantments, extremely unstealthy
A: hooves 3, deformed body, herbivore 1, speed 2, fast metabolism 1, tough skin
3
a: Divine Shield, Renounce Religion


You were on level 4 of the Orcish Mines.
You worshipped the Shining One. the Shining One was most pleased with you.
You were hungry.

You visited 3 branches of the dungeon, and saw 19 of its levels.

You collected 1462 gold pieces.
You spent 78 gold pieces at shops.

Inventory:

Hand weapons
 k - a +0,+0 short sword of distortion
 u - a +1,+2 dagger of chaos
 B - the +7,+6 hand axe of Schaotto (quivered) {holy, rC++}
   (You found it on level 4 of the Dungeon)

   It has been blessed by the Shining One to cause great damage to the undead
   and demons.
   It greatly protects you from cold.
 L - a +3,+1 battleaxe
 P - a +1,+1 battleaxe of chopping
 V - a +4,+4 battleaxe of freezing
Armour
 c - a +0 shield
 j - a +1 orcish cloak (worn)
 y - a +0 cloak
 F - a +0 elven buckler
 G - the +9 scale mail "Shrolone" (worn) {rElec rN+ SInv}
   (You found it on level 7 of the Dungeon)

   It insulates you from electricity.
   It protects you from negative energy.
   It enhances your eyesight.
 J - a +0 pair of gloves (worn)
Magical devices
 a - a wand of invisibility (1)
 t - a wand of random effects (1)
 D - a wand of random effects (7)
 O - a wand of magic darts (0)
 Q - a wand of digging (9)
 R - a wand of fire (2)
 S - a wand of slowing (0)
 W - a wand of frost (21)
 Y - a wand of frost (13)
 Z - a wand of digging (0)
Comestibles
 d - 8 bread rations
 f - 4 meat rations
Scrolls
 e - a scroll of remove curse
 g - 2 scrolls of amnesia
 l - 2 scrolls of recharging
 n - a scroll of blinking {unknown}
 p - 2 scrolls of enchant armour
 q - a scroll of teleportation
 E - a scroll of summoning
 X - a scroll of fog
Jewellery
 b - an uncursed ring of hunger {unknown}
 h - an uncursed ring of magical power
 o - an amulet of resist corrosion (around neck)
 w - a cursed -3 ring of intelligence
 K - an uncursed ring of ice
 M - a cursed ring of magical power
 N - a ring of sustain abilities (right hand) {unknown}
Potions
 i - 2 potions of agility
 v - a potion of flight {unknown}
 z - 2 potions of magic {unknown}
 A - a potion of brilliance
 C - a potion of degeneration
 H - 3 potions of restore abilities
 I - 2 potions of paralysis
 U - a potion of confusion {unknown}
Books
 m - a book of War Chants

   Spells                             Type                      Level
   Fire Brand                         Charms/Fire                  2
   Freezing Aura                      Charms/Ice                   2
   *Shroud of Golubria                Charms/Translocation         2
   *Repel Missiles                    Charms/Air                   2
   Poison Weapon                      Charms/Poison                3
   Regeneration                       Charms/Necromancy            3
 T - a book of Flames

   Spells                             Type                      Level
   Flame Tongue                       Conjuration/Fire             1
   Throw Flame                        Conjuration/Fire             2
   Conjure Flame                      Conjuration/Fire             3
   Inner Flame                        Hexes/Fire                   3
   Sticky Flame                       Conjuration/Fire             4
   Fireball                           Conjuration/Fire             5
Miscellaneous
 x - a phial of floods


   Skills:
 + Level 8.9 Fighting
 * Level 11.0 Axes
 + Level 6.8 Armour
 - Level 2.1 Shields
 - Level 3.2 Spellcasting
 * Level 5.2 Invocations
 * Level 4.1 Evocations


You had 12 spell levels left.
You knew the following spells:

 Your Spells              Type           Power        Failure   Level  Hunger
a - Repel Missiles        Chrm/Air       #.........   93%         2    ###....
b - Shroud of Golubria    Chrm/Tloc      #.........   93%         2    ###....


Dungeon Overview and Level Annotations

Branches:
Dungeon (14/16)            Temple (1/1) D:6             Orc (4/4) D:11
   Lair (0/8) D:8
    Elf: Orc:3-4     Vaults: D:14-15

Altars:
Ashenzari
Cheibriados
Elyvilon
Kikubaaqudgha
Makhleb
Nemelex Xobeh
Okawaru
Sif Muna
Trog
Vehumet
Xom
Zin
the Shining One
Beogh

Shops:
Orc:1 *

Portals:
Ziggurat: D:4 (4470 gp)

Annotations:
Orc:2 Erolcha
Orc:4 Donald


Innate Abilities, Weirdness & Mutations

You have hooves in place of feet.
Armour fits poorly on your strangely shaped body.
You digest meat inefficiently.
You cover ground very quickly.
You have a fast metabolism.
You have extremely tough skin (AC +3).


Message History

Wield which item (- for none, * to show all)? (? for menu, Esc to quit)
Really wield
k - a +0,+0 short sword of distortion?
Space warps around you for a moment!
k - a +0,+0 short sword of distortion (weapon)
Wield which item (- for none, * to show all)? (? for menu, Esc to quit)
Really unwield
k - a +0,+0 short sword of distortion?
You are caught in a strong localised spatial distortion.
* * * LOW HITPOINT WARNING * * *
You are now empty-handed.
Drink which item? (? for menu, Esc to quit)
Okay, then.
Unknown command.
Wield which item (- for none, * to show all)? (? for menu, Esc to quit)
Really wield
k - a +0,+0 short sword of distortion?
Space warps around you for a moment!
k - a +0,+0 short sword of distortion (weapon)
Wield which item (- for none, * to show all)? (? for menu, Esc to quit)
Really unwield
k - a +0,+0 short sword of distortion?
You are caught in an extremely strong localised spatial distortion!
You die...

................#
o#.$.T#......#.##
...o...........#
##......T....$.
.#....o.$....#
###..........## #
###.........# ##
.#
#.....#...###.#
## ##.#####.#.#@#
# ### ####.##
##.# ##


There were no monsters in sight!

Vanquished Creatures
  Erica (D:13)
  A hill giant (D:10)
  An orc sorcerer (Orc:2)
  A cyclops (D:11)
  Maurice (D:11)
  Psyche (Orc:2)
  2 trolls
  Sonja (D:10)
  A two-headed ogre (D:13)
  A shadow (D:12)
  A basilisk (D:13)
  A wraith (D:14)
  2 wyverns
  A hill giant zombie (D:8)
  A vampire mosquito (D:13)
  3 yaks (D:10)
  A hungry ghost (D:11)
  A soldier ant (D:13)
  4 ice beasts
  7 orc warriors
  2 necrophages (D:10)
  A phantom (D:4)
  9 ogres
  3 wargs
  The ghost of Numot the Ducker, an average FeFi of Makhleb (D:4)
  3 centaurs
  7 giant frogs
  6 big kobolds
  A brain worm (D:14)
  A troll zombie (D:10)
  19 wights
  7 crimson imps
  A goliath beetle (D:10)
  A giant frog zombie (D:10)
  A quasit (D:6)
  2 scorpions
  4 hounds
  3 jellies
  2 giant frog skeletons
  19 orc priests
  4 iguanas
  12 orc wizards
  8 worker ants
  2 hound zombies
  A hound skeleton (D:7)
  2 mummies
  5 adders
  4 gnolls
  2 worms
  A goliath beetle zombie (D:10)
  An adder skeleton (D:9)
  2 giant eyeballs
  2 giant geckos
  100 orcs
  5 giant cockroaches
  6 goblins
  6 hobgoblins
  4 jackals (D:2)
  2 quokkas
  9 bats
  A giant gecko zombie (D:7)
  2 giant spores
  An illusory rakshasa (D:14)
  22 kobolds
  A quokka zombie (D:7)
  7 rats
  7 ballistomycetes
345 creatures vanquished.

Vanquished Creatures (others)
  A hobgoblin (D:10)
  A fungus (D:8)
2 creatures vanquished.

Grand Total: 347 creatures vanquished

Notes
Turn   | Place    | Note
--------------------------------------------------------------
     0 | D:1      | 4tharraofdagon, the Centaur Fighter, began the quest for the Orb.
     0 | D:1      | Reached XP level 1. HP: 19/19 MP: 0/0
    70 | D:2      | Reached XP level 2. HP: 23/26 MP: 1/1
    93 | D:2      | Reached XP level 3. HP: 25/33 MP: 1/2
   206 | D:4      | Found a sand-covered staircase.
   307 | D:5      | Entered Level 5 of the Dungeon
   338 | D:5      | Found a deep blue altar of Sif Muna.
   340 | D:5      | Paralysed by a giant eyeball for 4 turns
   348 | D:5      | Paralysed by a giant eyeball for 4 turns
   431 | D:5      | Noticed an ogre
   476 | D:5      | Reached XP level 4. HP: 27/39 MP: 2/2
   523 | D:6      | Noticed a giant frog
   591 | D:4      | Noticed a phantom
   776 | D:4      | Got a transparent hand axe
   777 | D:4      | Identified the +7,+6 hand axe of Schaotto {holy, rC++} (You found it on level 4 of the Dungeon)
   777 | D:4      | Identified the +7,+6 hand axe of Schaotto {holy, rC++} (You found it on level 4 of the Dungeon)
   782 | D:4      | Reached XP level 5. HP: 35/46 MP: 3/3
   794 | D:4      | Found a gateway to a ziggurat.
   826 | D:4      | Killed a phantom
   826 | D:4      | Reached skill level 4 in Axes
   831 | D:4      | Noticed Numot's ghost (average FeFi)
   839 | D:4      | Killed Numot's ghost
   839 | D:4      | Reached XP level 6. HP: 43/53 MP: 4/4
   897 | D:6      | Noticed an ogre
   904 | D:6      | Killed an ogre
   905 | D:6      | Killed a giant frog
   905 | D:6      | Reached skill level 5 in Axes
   966 | D:6      | Reached XP level 7. HP: 39/60 MP: 4/4
  1009 | D:6      | Found a staircase to the Ecumenical Temple.
  1025 | Temple   | Entered the Ecumenical Temple
  1048 | Temple   | Became a worshipper of the Shining One
  1182 | D:6      | Reached skill level 5 in Fighting
  1322 | D:7      | Reached skill level 6 in Axes
  1393 | D:7      | Noticed a yak
  1472 | D:7      | Reached XP level 8. HP: 40/68 MP: 5/5
  1682 | D:7      | Got a fine scale mail
  1960 | D:7      | Reached skill level 7 in Axes
  2324 | D:8      | Found a staircase to the Lair.
  2333 | D:8      | Noticed a wandering mushroom
  2370 | D:8      | Acquired the Shining One's first power
  2370 | D:8      | Reached skill level 5 in Armour
  2370 | D:8      | Reached XP level 9. HP: 34/75 MP: 6/6
  2620 | D:9      | Reached skill level 8 in Axes
  2835 | D:10     | Entered Level 10 of the Dungeon
  2844 | D:10     | Noticed Sonja
  2859 | D:10     | Noticed a hill giant
  2885 | D:11     | Noticed a cyclops
  3226 | D:14     | Reached skill level 9 in Axes
  3245 | D:14     | Noticed a rakshasa
  3584 | D:13     | Noticed Erica
  3603 | D:12     | Paralysed by a giant eyeball for 4 turns
  3753 | D:12     | Reached XP level 10. HP: 57/84 MP: 6/6
  3757 | D:12     | Acquired the Shining One's second power
  4013 | D:12     | Identified the cursed +9 scale mail "Shrolone" {rElec rN+ SInv} (You found it on level 7 of the Dungeon)
  4081 | D:13     | Noticed a wolf spider
  4081 | D:13     | Noticed a wolf spider
  4081 | D:13     | Noticed a hill giant
  4172 | D:13     | Reached skill level 10 in Axes
  4181 | D:13     | Killed Erica
  4181 | D:13     | Reached skill level 1 in Spellcasting
  4409 | D:13     | Noticed a hill giant
  4573 | D:11     | Noticed a cyclops
  4583 | D:11     | Found a staircase to the Orcish Mines.
  4590 | D:11     | Reached skill level 1 in Invocations
  4613 | D:11     | Noticed Maurice
  4632 | D:11     | Killed Maurice
  5039 | D:9      | Reached skill level 1 in Evocations
  5326 | D:10     | Killed a hill giant
  5343 | D:10     | Reached XP level 11. HP: 70/92 MP: 13/13
  5378 | D:10     | Killed Sonja
  5640 | D:10     | Learned a level 2 spell: Repel Missiles
  5643 | D:10     | Learned a level 2 spell: Shroud of Golubria
  5859 | D:11     | Killed a cyclops
  5932 | D:11     | Found a roughly hewn altar of Beogh.
  5946 | Orc:1    | Entered Level 1 of the Orcish Mines
  5953 | Orc:2    | Noticed Erolcha
  5960 | Orc:2    | Found a burning altar of Makhleb.
  5960 | Orc:2    | Noticed Psyche
  5964 | Orc:2    | Paralysed by an orc sorcerer for 5 turns
  6195 | Orc:2    | Killed Psyche
  6438 | Orc:1    | Reached skill level 11 in Axes
  6494 | Orc:1    | Found Huli Sos' General Store.
  6504 | Orc:1    | Bought a cursed -3 ring of intelligence for 24 gold pieces
  6504 | Orc:1    | Bought 2 potions of paralysis for 24 gold pieces
  6504 | Orc:1    | Bought a potion of agility for 30 gold pieces
  6829 | Orc:3    | Reached skill level 5 in Invocations
  7114 | Orc:4    | Entered Level 4 of the Orcish Mines
  7287 | Orc:4    | Noticed an iron troll
  7288 | Orc:4    | wtf
  7290 | Orc:4    | Bloax: Well fuck.
  7314 | Orc:4    | Noticed Donald
  7340 | Orc:4    | Killed by a distortion unwield

Action                   |  1- 3 |  4- 6 |  7- 9 | 10-12 || total
-------------------------+-------+-------+-------+-------++-------
Melee: Hand axe          |    19 |    59 |   295 |    11 ||   384
       War axe           |    38 |    12 |       |       ||    50
       Battleaxe         |       |       |       |   272 ||   272
Invok: Divine Shield     |       |       |       |     7 ||     7
Evoke: Wand              |       |       |    21 |    13 ||    34
  Use: Potion            |     2 |     1 |     3 |     5 ||    11
       Scroll            |       |     2 |     8 |    27 ||    37
